 Dungeon Crawl Stone Soup version 0.25-a0-294-gea9b1ad378 (webtiles) character file.

Game seed: 2971193467726575568, levelgen mode: classic

140 Borgoz the Slasher (level 5, -4/35 HPs)
             Began as a Gargoyle Gladiator on Dec 18, 2019.
             Killed by divine providence
             ... invoked by an orc priest
              (14 damage)
             ... on level 3 of the Dungeon.
             The game lasted 00:03:01 (2234 turns).

Borgoz the Slasher (Gargoyle Gladiator)             Turns: 2234, Time: 00:03:01

Health: -4/35      AC: 10    Str: 18      XL:     5   Next: 22%
Magic:  5/5        EV: 12    Int:  7 (8)  God:
Gold:   147        SH:  0    Dex: 16      Spells: 4/4 levels left

rFire    . . .     SeeInvis .   a - +0 long sword
rCold    . . .     Gourm    .   (no shield)
rNeg     + . .     Faith    .   q - +0 ring mail
rPois    ∞         Spirit   .   c - +0 helmet
rElec    +         Reflect  .   (no cloak)
rCorr    .         Harm     .   (no gloves)
MR       .....                  (no boots)
Stlth    +.........             (no amulet)
HPRegen  0.11/turn              (no ring)
MPRegen  0.09/turn              (no ring)

@: flying
A: thin skeletal structure 1, agile 1, deterioration 1, negative energy
resistance 1, robust 1, electricity resistance, unbreathing, petrification
resistance, rot immunity, AC +4
a: no special abilities


You were on level 3 of the Dungeon.
You were not hungry.

You visited 1 branch of the dungeon, and saw 3 of its levels.

You collected 147 gold pieces.

Inventory:

Hand Weapons
 a - a +0 long sword (weapon)
Missiles
 d - 3 throwing nets (quivered)
Armour
 c - a +0 helmet (worn)
 q - a +0 ring mail (worn)
Scrolls
 e - a scroll of enchant armour {unknown}
 g - 2 scrolls of teleportation {unknown}
 i - a scroll of enchant weapon {unknown}
 j - a scroll of remove curse
Potions
 h - 2 potions of agility
Comestibles
 f - 10 rations
 p - 2 chunks of flesh


   Skills:
 + Level 3.2 Fighting
 * Level 3.9 Long Blades
 - Level 1.7 Throwing
 + Level 2.0 Armour
 + Level 3.0 Dodging


You had 4 spell levels left.
You didn't know any spells.
Your spell library was empty.

Dungeon Overview and Level Annotations

Branches:
Dungeon (3/15)

Altars:
Elyvilon
Sif Muna


Innate Abilities, Weirdness & Mutations

You are resistant to torment.
Your stone body is resilient. (AC +4)
You are immune to poison.
You resist negative energy. (rN+)
You are resistant to electric shocks. (rElec)
You can survive without breathing.
You are immune to petrification.
You are immune to rotting.
You have a somewhat thin skeletal structure. (Dex +2, Stealth)
You are agile. (Dex +2)
Your body sometimes deteriorates upon taking damage.
You are robust. (+10% HP)


Message History

Your body deteriorates!
You feel dopey.
The orc priest hits you but does no damage.
The orc closely misses you. The orc priest hits you with a +0 club.
You closely miss the orc priest.
The orc priest is severely wounded.
The orc priest hits you with a +0 hand axe.
The orc hits you but does no damage.
The orc priest hits you but does no damage.
You barely miss the orc priest.
The orc priest is severely wounded.
The orc priest hits you but does no damage.
The orc hits you but does no damage.
The orc priest invokes the aid of Beogh against you.
Beogh smites you!
* * * LOW HITPOINT WARNING * * *
You barely miss the orc priest.
The orc priest is severely wounded.
The orc priest invokes the aid of Beogh against you.
Beogh smites you!
You die...

####### #.....###***** ######
#........,,,,* .#...#
#......$.,,,,* ...#.########
#........,,,,* .#.#........#
#oo......,,,,* *
.#....#####.####@o...#**,**** ***
.....................#**+******,*
......##........##......,,,,,,,,*
##.##.###.......#*......,,****,,,
...##)###########*,.....,,* *,**
..###.##.†...# *,.....*** *,,,
..# #)##<###.# *,,....* ******
..# #.##.)...# ***####****,,,,,
#####..)###.<# *,****,,,*,*,,*


You could see 2 orc priests and an orc.

Vanquished Creatures
  Robin (D:3)
  2 adders (D:2)
  An ooze (D:2)
  3 worms
  4 dart slugs
  A leopard gecko (D:1)
  8 orcs (D:3)
  6 bats
  3 giant cockroaches
  17 goblins
  9 hobgoblins
  6 jackals
  2 quokkas (D:3)
  2 ball pythons
  3 frilled lizards
  4 kobolds
  2 rats (D:1)
74 creatures vanquished.

Notes
Turn   | Place    | Note
-------+----------+-------------------------------------------
     0 | D:1      | Borgoz the Gargoyle Gladiator began the quest for the Orb.
     0 | D:1      | Reached XP level 1. HP: 12/12 MP: 1/1
    82 | D:1      | Reached XP level 2. HP: 15/18 MP: 2/2
   266 | D:1      | Reached skill level 1 in Armour
   296 | D:1      | Reached XP level 3. HP: 22/22 MP: 3/3
   568 | D:2      | Found a white marble altar of Elyvilon.
   865 | D:2      | Reached XP level 4. HP: 10/27 MP: 4/4
  1407 | D:2      | Found a shimmering blue altar of Sif Muna.
  2011 | D:3      | Noticed Robin
  2023 | D:3      | Reached XP level 5. HP: 23/32 MP: 5/5
  2050 | D:3      | Killed Robin
  2226 | D:3      | Gained mutation: You are robust. (+10% HP) [potion of
                  | mutation]
  2226 | D:3      | Gained mutation: Your body sometimes deteriorates upon
                  | taking damage. [potion of mutation]
  2226 | D:3      | Gained mutation: You are agile. (Dex +2) [potion of
                  | mutation]
  2226 | D:3      | Gained mutation: You have a somewhat thin skeletal
                  | structure. (Dex +2, Stealth) [potion of mutation]
  2234 | D:3      | Killed from afar by an orc priest

Levels and vault maps discovered:
D:1:      saegor_arrival_under_anarchy, layout_rooms
D:2:      wad_lake_hut, layout_basic, elyvilon_altar_5, lemuel_blue_sif_altar,
          serial_co_window_serial, co_window_of_opportunity_a,
          co_window_paths_b, co_window_paths_b, co_window_corner_a,
          co_window_paths_a, co_window_of_opportunity_a, co_window_paths_b,
          co_window_paths_b, co_window_corner_a, first_ration,
          nrook_mini_backslash
D:3:      layout_basic, fedhas_altar_4, uniq_robin, uniq_jessica

Skill      XL: |  1  2  3  4  5 |
---------------+----------------+-----
Long Blades    | 3 |  3.9
Armour         | 1 2 |  2.0
Fighting       | 3 |  3.2
Dodging        | 3 |  3.0
Throwing       | |  1.7

Action                   |  1- 3 |  4- 6 || total
-------------------------+-------+-------++-------
Melee: Long sword        |    92 |   131 ||   223
  Use: Scroll            |       |     5 ||     5
       Potion            |       |     3 ||     3
  Eat: Chunk             |       |     5 ||     5
Armor: Leather armour    |    37 |    41 ||    78
       Ring mail         |       |    42 ||    42
Dodge: Dodged            |    71 |   110 ||   181
       Rpst.: Long sword |    23 |    37 ||    60

Table legend:
 A = Non-vault XP
 B = Vault XP
 C = Vault XP percentage of total XP
 D = Non-vault monster count
 E = Vault monster count
 F = Vault count percentage of total count
                 A         B        C        D         E       F
            +---------+---------+-------+---------+---------+-------
      Total |     162 |      38 |  19.0 |      61 |      13 |  17.6
            +---------+---------+-------+---------+---------+-------
        D:1 |      44 |       0 |   0.0 |      21 |       0 |   0.0
        D:2 |      72 |       0 |   0.0 |      22 |       0 |   0.0
        D:3 |      46 |      38 |  45.2 |      18 |      13 |  41.9
            +---------+---------+-------+---------+---------+-------
